Unix NetHack Version 5.0.0-0 post-release - last build May  4 2026 22:22:43 (774f63e81ad911689b3a0859ea89b322d5daca8d,branch:main).

Game began 2026-05-10 16:50:43, ended 2026-05-10 16:59:32.

Ackbladder, neutral male human Priest

       -------                                                      ----------
       |......#                                                  ###-..<.)...|
       |.....|#                                                 ##  |........|
      #-.....|#                                              #######-....[...|
      #----.--#                                              # ###  |........|
      ###  ####                                    -----     # #   #.........|
        #     ####                                 |...|   #########|........|
        #     #  #######################           |...|###`###     ----------
        #     #                    ----.--      ----...----###
 -------#     #  ------------      |.....|      |.........|#
 |.....-#     ###|..........|      |.....|     #...........#
 |.....|        #............######|.....|    ##|........_|#
 |.....-##       |.>........|     #|...q.|    # -----------#
 -------         |..........|     #|.....q@e###     ########
                 |...........     #-.....| ##  #     #
                 |..........|      -------  ##-.---- #
                 ------------                #|..*..##
                                             #.....|
                                              ------

Ackbladder the Acolyte       St:13 Dx:10 Co:14 In:17 Wi:16 Ch:9  Neutral
Dlvl:5  $:37 HP:0(25) Pw:26(26) AC:7  Xp:3 T:1340 

Latest messages:
 Unlock it with your key? [ynq] (q) y
 You succeed in unlocking the door.
 The door opens.
 The door resists!
 The door opens.
 You miss the iguana.
 The iguana bites!
 You miss the iguana.
 You hit the iguana.
 You hit the iguana.
 The iguana bites!
 You miss the iguana.
 You hit the iguana!
 The iguana bites!
 You kill the iguana!
 You see here an iguana corpse.
 There is an iguana corpse here; eat it? [ynq] (n) y
 This iguana corpse tastes okay.
 You finish eating the iguana corpse.
 You see here 5 gold pieces.
 $ - 5 gold pieces (37 in total).
 You hear someone counting gold coins.
 You kill the gecko!
 The jackal bites!
 The jackal bites!
 You miss the jackal.
 The jackal misses!
 You miss the jackal.
 The jackal bites!
 You kill the jackal!
 There is an open door here.
 You see here a jackal corpse.
 There is a jackal corpse here; eat it? [ynq] (n) y
 This jackal corpse is tough.
 You finish eating the jackal corpse.
 You miss the floating eye.
 You are frozen by the floating eye's gaze!
 The rothe hits!
 The rothe bites!
 The rothe bites again!
 The rothe hits!
 The rothe bites!
 The rothe bites again!
 The rothe hits!
 The rothe bites!
 The rothe bites again!
 The rothe hits!
 You die...
 Do you want your possessions identified? [ynq] (y) y
 Do you want to see your attributes? [ynq] (y) q

Inventory:
 Coins    ('$')
  $ - 37 gold pieces
 Weapons  (')')
  u - 10 blessed +0 darts
  r - 7 cursed +0 shuriken
  F - 2 +0 orcish daggers
  a - a blessed +1 mace (weapon in right hand)
 Armor    ('[')
  E - a +0 orcish helm
  I - a +0 orcish helm
  y - a cursed -1 pair of water walking boots
  c - a +0 small shield (being worn)
  b - a +0 robe (being worn)
 Comestibles  ('%')
  e - a clove of garlic
  K - a cram ration
  J - a food ration
  f - a sprig of wolfsbane
  G - a tin of spinach
  z - a lichen corpse
 Scrolls  ('?')
  n - a scroll of confuse monster
  v - a scroll of enchant armor
  l - 2 blessed scrolls of identify
  k - 2 scrolls of identify
 Spellbooks  ('+')
  q - a blessed spellbook of create familiar
  h - a spellbook of extra healing
  g - a spellbook of healing
  o - a blessed spellbook of magic missile
  D - a spellbook of magic missile
 Potions  ('!')
  s - a potion of booze
  C - a potion of full healing
  H - a potion of monster detection
  t - a potion of see invisible
  d - 4 potions of holy water
 Wands    ('/')
  p - a wand of cold (0:5)
 Tools    ('(')
  x - a cursed mirror
  m - a cursed skeleton key
  w - a cursed wax candle
 Gems/Stones  ('*')
  B - 2 agate stones
  A - a worthless piece of orange glass

Ackbladder the Priest's attributes:

Background:
 You were an Acolyte, a level 3 human Priest.
 You were neutral, nominally on a mission for Thoth
 who was opposed by Ptah (lawful) and Anhur (chaotic).
 You were right-handed.
 You were in the Dungeons of Doom, on level 5.
 You entered the dungeon 1340 turns ago.
 You had 59 experience points, 21 more were needed to attain level 4.

Basics:
 You had 0 out of 25 hit points.
 You had all 26 energy points (spell power).
 Your armor class was 7.
 Your wallet contained 37 zorkmids.
 Autopickup was off.

Final Characteristics:
 Your strength was 13 (limit:18/100).
 Your dexterity was 10 (limit:18).
 Your constitution was 14 (limit:18).
 Your intelligence was 17 (limit:18).
 Your wisdom was 16 (limit:18).
 Your charisma was 9 (limit:18).

Final Status:
 You weren't hungry.
 You were unencumbered.
 You were wielding a mace.
 You had basic skill with mace.

Final Attributes:
 You were fervently aligned.
 You were guarded.
 Your spell casting was enhanced by wearing a robe.
 You are dead.

Miscellaneous:
 You didn't encounter any bones levels.
 Total elapsed playing time was 8 minutes and 49 seconds.

Major events:
 Turn
    1: Ackbladder the neutral human Priest entered the dungeon
  635: entered the Gnomish Mines
  880: attained the rank of Acolyte (level 3)
 1340: killed by a rothe, while frozen by a floating eye's gaze

Spells:
 Name                 Level Category     Fail Retention
 healing                1   healing        0%  76%-100%
 extra healing          3   healing       90%  76%-100%
 magic missile          2   attack        50%  76%-100%
 create familiar        6   clerical      95%  91%-100%

Skills:
 Fighting Skills
   bare handed combat [Unskilled]
 Weapon Skills
   club               [Unskilled]
   mace               [Basic]
   morning star       [Unskilled]
   flail              [Unskilled]
   hammer             [Unskilled]
   quarterstaff       [Unskilled]
   polearms           [Unskilled]
   spear              [Unskilled]
   trident            [Unskilled]
   lance              [Unskilled]
   bow                [Unskilled]
   sling              [Unskilled]
   crossbow           [Unskilled]
   dart               [Unskilled]
   shuriken           [Unskilled]
   boomerang          [Unskilled]
   unicorn horn       [Unskilled]
 Spellcasting Skills
   healing spells     [Unskilled]
   divination spells  [Unskilled]
   clerical spells    [Basic]

Voluntary challenges:
 Character rerolling was not enabled.
 You were an atheist.
 You never genocided any monsters.
 You never polymorphed an object.
 You never changed form.
 You used no wishes.
Achievements:
 You entered the Gnomish Mines.
 You attained the rank of Acolyte.

 The Dungeons of Doom: levels 1 to 5
    Level 1:
    Level 2:
    Level 3:
    Level 4:
       A fountain.
       Stairs down to The Gnomish Mines.
    Level 5: <- You were here.
       An altar.
       Final resting place for
          you, killed by a rothe, while frozen by a floating eye's gaze.
 The Gnomish Mines:
    Level 5:


Vanquished creatures:
 an iguana
 an acid blob
  a coyote
  a giant rat
  2 geckos
  4 jackals
  a fox
  2 goblins
  2 sewer rats
  4 grid bugs
  4 lichens
  a newt
24 creatures vanquished.

No species were genocided or became extinct.

Game over:
                       ----------
                      /          \
                     /    REST    \
                    /      IN      \
                   /     PEACE      \
                  /                  \
                  |    Ackbladder    |
                  |      37 Au       |
                  |   killed by a    |
                  |      rothe       |
                  |                  |
                  |                  |
                  |       2026       |
                 *|     *  *  *      | *
        _________)/\\_//(\/(/\)/\//\/|_)_______

Goodbye Ackbladder the Priest...

You died in The Dungeons of Doom on dungeon level 5 with 470 points,
and 37 pieces of gold, after 1340 moves.
You were level 3 with a maximum of 25 hit points when you died.

